 Dungeon Crawl Stone Soup version 0.27.0-1-g7a089689b8 (webtiles) character file.

Game seed: 17934519802532152834

21 ZARRMARR the Magician (level 2, -10/20 HPs)
             Began as a Palentonga Hedge Wizard on Aug 1, 2021.
             Mangled by a gnoll (12 damage)
             ... on level 1 of the Dungeon.
             The game lasted 00:06:57 (1447 turns).

ZARRMARR the Magician (Palentonga Hedge Wizard)     Turns: 1447, Time: 00:06:58

Health: -10/20     AC:  4    Str: 13    XL:     2   Next: 62%
Magic:  6/6        EV:  9    Int: 14    God:
Gold:   0          SH:  0    Dex:  9    Spells: 6/7 levels left

rFire    . . .     SeeInvis +   a - +0 dagger (vamp)
rCold    . . .     Faith    .   (no shield)
rNeg     . . .     Spirit   .   b - +0 robe
rPois    .         Reflect  .   c - +0 hat
rElec    .         Harm     .   (no cloak)
rCorr    .         Rampage  .   (no gloves)
Will     .....                  (no barding)
Stlth    +.........             (no amulet)
HPRegen  0.06/turn              (no ring)
MPRegen  0.10/turn              (no ring)

@: no status effects
A: large, rugged brown scales 3, see invisible, deformed body, roll 1, armoured
tail
a: Rolling Charge


You were on level 1 of the Dungeon.
You visited 1 branch of the dungeon, and saw 2 of its levels.

Inventory:

Hand Weapons
 a - a +0 vampiric dagger (weapon)
Armour
 b - a +0 robe (worn)
 c - a +0 hat (worn)
Potions
 f - a potion of attraction {unknown}


   Skills:
 + Level 0.4 Short Blades
 + Level 1.6 Dodging
 + Level 1.5 Stealth
 + Level 3.4 Spellcasting
 + Level 1.1 Conjurations
 + Level 0.7 Summonings
 + Level 1.0 Translocations


You had 6 spell levels left.
You knew the following spells:

 Your Spells              Type           Power      Damage    Failure   Level
a - Magic Dart            Conj           20%        1d4       13%         1

Your spell library contained the following spells:

 Spells                   Type           Power      Damage    Failure   Level
 Blink                    Tloc           N/A        N/A       21%         2
 Call Imp                 Summ           4%         N/A       22%         2
 Slow                     Hex            2%         N/A       30%         2
 Conjure Flame            Conj/Fire      3%         6-21      45%         3
 Mephitic Cloud           Conj/Pois/Air  3%         N/A       47%         3


Dungeon Overview and Level Annotations

Branches:
Dungeon (2/15)

Altars:


Innate Abilities, Weirdness & Mutations

You are completely covered in rugged brown scales. (AC +3, +7% HP)
You have supernaturally acute eyesight. (SInv)
Armour fits poorly on your strangely shaped body.
You can roll at nearby foes to attack.
You have a long armoured tail.


Message History

Uppercase [Y]es or [N]o only, please.
Really walk into a travel-excluded area?
You enter the shallow water.
Moving in this stuff is going to be slow.
Why would you want to do that?
As you read the scroll labelled NOIWEO LELURO, it crumbles to dust.
The air around you briefly surges with heat, but it dissipates.
It was a scroll of immolation.
Unknown command.
As you read the scroll labelled EPICOWK HIOHI, it crumbles to dust.
It is a scroll of brand weapon.
Your +0 dagger thirsts for the lives of mortals!
a - a +0 vampiric dagger (weapon)
There is a stone staircase leading down here.
You climb downwards.
A frilled lizard, a rat, 4 gnolls and a kobold come into view.
A gnoll is wielding a +2 flail of holy wrath.
The gnoll shouts! x3; The frilled lizard hisses angrily.
The gnoll shouts!
You hear an angry hiss.
Found 21 stones.
There is a stone staircase leading up here.
The gnoll hits you with a +0 flail! The gnoll barely misses you.
You climb upwards.
There is a stone staircase leading down here.
You hit the gnoll.
You feel better.
The gnoll is lightly wounded.
The gnoll closely misses you.
You barely miss the gnoll. The gnoll barely misses you.
You hit the gnoll.
You feel better.
The gnoll is lightly wounded.
The gnoll hits you with a +2 flail of holy wrath!
You barely miss the gnoll.
The gnoll is lightly wounded.
The gnoll hits you with a +2 flail of holy wrath.
* * * LOW HITPOINT WARNING * * *
You hit the gnoll.
Your tail-slap misses the gnoll.
The gnoll is moderately wounded.
The gnoll hits you with a +2 flail of holy wrath!
Ouch! That really hurt!
You die...

..................#.# #......#
########..##.######.#####......#
....................#...'......#
#########..#.########.###......#
...............................#
##########.#.########.###......#
##########...# #......#.###
........###..###############.#
........###.>.gg@............#
........#).....#############.#
........#......# ########
........#......# #..#.######
........#......# #...#..#..#
...............# #..........
........#......# #..........
........#......# #.##...##..
........#####.## #.###.###..


You could see 2 gnolls.

Vanquished Creatures
  3 ball pythons (D:1)
  4 bats (D:1)
  2 endoplasms (D:1)
  2 goblins (D:1)
  A hobgoblin (D:1)
  2 jackals (D:1)
  A quokka (D:1)
  A frilled lizard (D:1)
  A rat (D:1)
  A spectral kobold (D:1)
18 creatures vanquished.

Notes
Turn   | Place    | Note
-------+----------+-------------------------------------------
     0 | D:1      | ZARRMARR the Palentonga Hedge Wizard began the quest for
                  | the Orb.
     0 | D:1      | Reached XP level 1. HP: 13/13 MP: 4/4
   379 | D:1      | Reached XP level 2. HP: 20/20 MP: 6/6
   405 | D:1      | Found a faded altar of an unknown god.
   710 | D:1      | Reached skill level 1 in Conjurations
  1447 | D:1      | Mangled by a gnoll

Illustrated notes

Levels and vault maps discovered:
D:1:      minmay_arrival_jagged, layout_basic,
          dreamdust_ecumenical_altar_drowned_temple, lemuel_another_geyser
D:2:      layout_basic

Skill      XL: |  1  2 |
---------------+-------+-----
Conjurations   | 1 |  1.1
Short Blades   | |  0.4
Dodging        | |  1.6
Stealth        | |  1.5
Spellcasting   | |  3.4
Summonings     | |  0.7
Translocations | |  1.0

Action                   || total
-------------------------++-------
Melee: Dagger            ||    36
       Tailslap          ||     2
 Cast: Magic Dart        ||    25
  Use: Scroll            ||     2
 Stab: Sleeping          ||     3
Armor: Robe              ||    11
Dodge: Dodged            ||    15
